 Dungeon Crawl Stone Soup version 0.18-a0-1078-gebb93d0 (webtiles) character file.

135 ater218 the Slasher (level 5, -9/45 HPs)
             Began as a Human Fighter on Jan 14, 2016.
             Killed from afar by Sigmund (11 damage)
             ... with a puff of flame
             ... on level 3 of the Dungeon.
             The game lasted 00:11:13 (2188 turns).

ater218 the Slasher (Human Fighter)                 Turns: 2188, Time: 00:11:13

Health: -9/45      AC:  9    Str: 16    XL:     5   Next: 41%
Magic:  5/5        EV:  4    Int:  8    God:
Gold:   115        SH: 10    Dex: 14    Spells: 0 memorised, 4 levels left

rFire  . . .     SeeInvis .     a - +0 long sword
rCold  . . .     Gourm    .     n - +0 chain mail
rNeg   . . .     Faith    .     c - +1 shield
rPois  .         Spirit   .     (no helmet)
rElec  .         Dismiss  .     (no cloak)
rCorr  .         Reflect  .     (no gloves)
SustAt .         Harm     .     (no boots)
MR     .....                    (no amulet)
Stlth  ..........               (no ring)
                                i - ring of stealth

@: not resistant to hostile enchantments, extremely unstealthy
A: robust 1, wild magic 1
a: no special abilities


You were on level 3 of the Dungeon.
You were not hungry.

You visited 1 branch of the dungeon, and saw 3 of its levels.

You collected 115 gold pieces.

Inventory:

Hand Weapons
 a - a +0 long sword (weapon)
Armour
 c - a +1 shield (worn)
 n - a +0 chain mail (worn)
Jewellery
 i - a ring of stealth (left hand)
Scrolls
 e - 6 scrolls of identify
 h - a scroll of random uselessness {unknown}
 l - a scroll of blinking {unknown}
 m - a scroll of magic mapping {unknown}
Potions
 d - a potion of might
 j - a potion of ambrosia {unknown}
 k - a potion of curing {unknown}
Comestibles
 b - 2 chunks of flesh
 f - a bread ration


   Skills:
 - Level 3.0 Fighting
 * Level 5.2 Long Blades
 - Level 3.0 Armour
 - Level 3.0 Shields


You had 4 spell levels left.
You didn't know any spells.

Dungeon Overview and Level Annotations

Branches:
Dungeon (3/15)

Altars:
Ashenzari

Annotations:
D:3 Sigmund


Innate Abilities, Weirdness & Mutations

You are robust (+10% HP).
Your spells are a little harder to cast, but a little more powerful.


Message History

You bump into the rock wall.
Sigmund hits you with a scythe.
* * * LOW HITPOINT WARNING * * *
Sigmund barely misses you.
You're too confused to move!
Sigmund barely misses you.
You bump into the rock wall.
You feel less confused. Sigmund closely misses you.
You slash Sigmund!
Sigmund is almost dead.
Sigmund hits you with a scythe!
* * * LOW HITPOINT WARNING * * *
Your shield and chain mail prevent you from hitting Sigmund.
Sigmund is almost dead.
Sigmund gestures at you while chanting. You block the puff of flame.
You closely miss Sigmund.
Sigmund is almost dead.
Sigmund points at you and mumbles some strange words.
The puff of flame hits you!
You die...

#.. .# ###.###.###.#
.......[..#.########
#.#....... ..#
#.....#.## #.#
###....#.###.#
##..##..##.# #.
#{##...@#.# #.
#.)##.@...# #.
###.#.##### ##'##
##.## ##...## #.#
##.....## #.#
#.......## ##.##
.........####...##
.........'.......#
.........####...##


You could see Sigmund.

Vanquished Creatures
  Natasha (twice) (D:3)
  4 adders (D:2)
  A worm (D:3)
  2 giant geckos
  An orc (D:3)
  A giant cockroach (D:3)
  5 goblins
  5 hobgoblins
  8 jackals (D:1)
  4 bats
  3 giant newts
  2 kobolds
  4 rats
42 creatures vanquished.

Notes
Turn   | Place    | Note
--------------------------------------------------------------
     0 | D:1      | ater218 the Human Fighter began the quest for the Orb.
     0 | D:1      | Reached XP level 1. HP: 18/18 MP: 1/1
   124 | D:1      | Reached XP level 2. HP: 13/24 MP: 2/2
   180 | D:1      | Gained mutation: Your spells are a little harder to cast, but a little more powerful. [potion of beneficial mutation]
   181 | D:1      | Gained mutation: You are robust (+10% HP). [potion of beneficial mutation]
   627 | D:1      | Reached XP level 3. HP: 29/31 MP: 3/3
  1138 | D:2      | Reached XP level 4. HP: 26/38 MP: 4/4
  1293 | D:2      | Reached skill level 4 in Long Blades
  1538 | D:2      | Found a shattered altar of Ashenzari.
  1925 | D:3      | Noticed Natasha
  1938 | D:3      | Killed Natasha
  1938 | D:3      | Reached XP level 5. HP: 23/45 MP: 5/5
  2104 | D:3      | Noticed Natasha
  2110 | D:3      | Killed Natasha
  2110 | D:3      | Reached skill level 5 in Long Blades
  2140 | D:3      | Noticed Sigmund
  2186 | D:3      | HP: 2/45 [Sigmund/scythe (8)]
  2188 | D:3      | Killed from afar by Sigmund

Vault maps used:
D:1:      tarquinn_simple_flora_water_d, minmay_misc_feat_secret_circle
D:2:      ashenzari_altar_1, st_stairs_3
D:3:      uniq_sigmund, uniq_natasha

Action                   |  1- 3 |  4- 6 || total
-------------------------+-------+-------++-------
Melee: Long sword        |   108 |    75 ||   183
  Use: Scroll            |     2 |     2 ||     4
       Potion            |     2 |       ||     2
  Eat: Chunk             |     1 |     3 ||     4
